 Dungeon Crawl Stone Soup version 0.31-a0-496-g6f97920a28 (webtiles) character file.

Game seed: 8443503847424024344

1175 Newt the Spear-Bearer (level 8, -1/62 HPs)
             Began as a Merfolk Gladiator on Aug 8, 2023.
             Slain by a wraith (11 damage)
             ... on level 6 of the Dungeon.
             The game lasted 00:04:43 (4636 turns).

Newt the Spear-Bearer (Merfolk Gladiator)           Turns: 4636, Time: 00:04:43

Health: -1/62      AC:  5    Str: 16    XL:     8   Next: 41%
Magic:  8/8        EV: 15    Int:  8    God:
Gold:   210        SH:  5    Dex: 15    Spells: 7/7 levels left

rFire   . . .        y - +6 shillelagh "Devastator" {shatter}
rCold   . . .        x - +1 buckler
rNeg    . . .        b - +0 leather armour
rPois   +            (helmet restricted)
rElec   .            (no cloak)
rCorr   .            r - +0 pair of gloves
SInv    .            w - +0 pair of boots
Will    .....        (no amulet)
Stlth   +            (no ring)
HPRegen 0.30/turn    (no ring)
MPRegen 0.11/turn

%: no passive effects
@: slowed, very slow
A: (nimble swimmer 2), mertail, beak, poison resistance
a: no special abilities


You were on level 6 of the Dungeon.
You visited 1 branch of the dungeon, and saw 6 of its levels.

You collected 210 gold pieces.

Inventory:

Hand Weapons
 a - a +1 trident of electrocution
 y - the +6 shillelagh "Devastator" (weapon) {shatter}
   (You found it on level 5 of the Dungeon)
Missiles
 e - a javelin
 s - 3 throwing nets
Armour
 b - a +0 leather armour (worn)
 c - a +0 helmet
 r - a +0 pair of gloves (worn)
 v - the +1 robe of Focw {Harm Will- Int+2}
   (You found it on level 3 of the Dungeon)

   Int:       It affects your intelligence (+2).
   Harm:      It increases damage dealt and taken.
   Will:      It decreases your willpower.
 w - a +0 pair of boots (worn)
 x - a +1 buckler (worn)
Jewellery
 q - a ring of magical power
 u - a ring of magical power
Wands
 d - a wand of flame (49)
 p - a wand of digging (9)
Scrolls
 k - a scroll of vulnerability
 l - a scroll of enchant armour
 m - 2 scrolls of brand weapon
Potions
 f - a potion of enlightenment
 g - a potion of invisibility
 h - 3 potions of curing
 i - 2 potions of haste
 j - a potion of mutation
 n - 2 potions of attraction
 o - 2 potions of lignification
 t - a potion of ambrosia


   Skills:
 - Level 5.0 Fighting
 + Level 0.8 Maces & Flails
 - Level 10.0 Polearms
 - Level 2.0 Throwing
 - Level 8.0 Dodging


You had 7 spell levels left.
You didn't know any spells.
Your spell library contained the following spells:

 Spells                   Type           Power      Damage    Failure   Level
 Volatile Blastmotes      Fire/Tloc      0%         2d10      91%         3
 Animate Dead             Necr           0%         N/A       100%        4
 Fulminant Prism          Conj/Hex       0%         3d5       100%        4
 Iskenderun's Mystic Bla  Conj/Tloc      0%         2d3       100%        4
 Haunt                    Necr/Summ      0%         N/A       100%        7
 Infestation              Necr           0%         N/A       100%        8


Dungeon Overview and Level Annotations

Branches:
Dungeon (6/15)
 Temple: D:4-7

Altars:
Sif Muna


Innate Abilities, Weirdness & Mutations

((You are very nimble when in or above water. (Stealth+, EV+, Speed+++)))
Your lower body shifts to a powerful aquatic tail in water.
You have a beak for a mouth.
Your system is resistant to poisons. (rPois)


Message History

The wraith is moderately damaged.
The hound completely misses you.
The hound pauses to sniff the ground.
You block the hound's attack. You block the wraith's attack.
The hound closely misses you. The wraith hits you!
The wraith drains your vigour!
You feel as though you will be slow longer.
The orc priest begins to cast a cantrip, but forgets the words!
The orc warrior closely misses you.
Unknown command.
Unknown command.
You thump the wraith!
The wraith is severely damaged. x2
The hound bites you. The hound barely misses you.
You block the orc warrior's attack. The wraith barely misses you.
The hound misses you. The wraith completely misses you.
You block the orc warrior's attack.
Unknown command.
Unknown command.
Unknown command.
You barely miss the wraith. You peck the wraith, but do no damage.
The wraith is severely damaged.
The hound misses you. The hound bites you. You block the orc warrior's attack.
You block the wraith's attack. You block the hound's attack.
The orc warrior barely misses you. The wraith hits you.
* * * LOW HITPOINT WARNING * * *
The wraith drains your vigour!
You feel as though you will be slow longer.
Unknown command.
You closely miss the wraith.
The wraith is severely damaged.
The hound barely misses you. The hound bites you but does no damage.
You block the orc warrior's attack. The wraith hits you!
* * * LOW HITPOINT WARNING * * *
The hound barely misses you. The wraith closely misses you.
The orc warrior closely misses you.
Unknown command.
The hound attacks as you move away! The hound closely misses you.
The hound misses you. The wraith hits you!
You die...

..#..## ####...#.....
#.....###...)....##..
#..........#.####..
#.......†.##.# #..
#.........##.# ###
###...##....... ###
####...##....... #..
#......##........#..
#.o@...##........#..
#.hW.............#..
#..)##...#.........#..
#....o...#.#.####.##
#.. ................
####..
..>..............
.....>
...>.............
###..
................. ###
............o...


You could see a wraith, an orc warrior, a hound and an orc priest.

Vanquished Creatures
  A water moccasin (D:6)
  3 ice beasts
  An ogre (D:6)
  A scorpion (D:4)
  2 orc priests
  2 hounds
  A gnoll bouda (D:4)
  Terence (D:3)
  3 orc wizards
  3 sleepcaps
  11 adders
  10 gnolls
  A shadow imp (D:6)
  An ufetubus (D:6)
  2 dart slugs
  20 orcs
  14 ball pythons
  7 bats
  10 endoplasms
  3 giant cockroaches
  8 goblins
  8 hobgoblins
  5 jackals (D:1)
  2 kobolds
  4 quokkas
  A frilled lizard (D:3)
  7 rats
132 creatures vanquished.

Notes
Turn   | Place    | Note
-------+----------+-------------------------------------------
     0 | D:1      | Newt the Merfolk Gladiator began the quest for the Orb.
     0 | D:1      | Reached XP level 1. HP: 16/16 MP: 1/1
   130 | D:1      | Reached XP level 2. HP: 24/24 MP: 2/2
   336 | D:1      | Reached XP level 3. HP: 26/30 MP: 3/3
   926 | D:2      | Found a shimmering blue altar of Sif Muna.
  1374 | D:3      | Reached XP level 4. HP: 27/38 MP: 4/4
  1545 | D:3      | Reached skill level 5 in Fighting
  1756 | D:3      | Reached XP level 5. HP: 35/44 MP: 5/5
  1761 | D:3      | Reached skill level 5 in Polearms
  1842 | D:3      | Noticed Terence
  1858 | D:3      | Killed Terence
  2468 | D:3      | Identified the +1 robe of Focw {Harm Will- Int+2}
  2831 | D:4      | Reached skill level 6 in Polearms
  2978 | D:4      | Reached XP level 6. HP: 51/51 MP: 6/6
  2996 | D:4      | Reached skill level 7 in Polearms
  3512 | D:4      | Reached skill level 8 in Polearms
  3850 | D:5      | Entered Level 5 of the Dungeon
  3853 | D:5      | Reached XP level 7. HP: 56/56 MP: 7/7
  3923 | D:5      | Reached skill level 9 in Polearms
  4220 | D:5      | Reached skill level 10 in Polearms
  4221 | D:5      | Gained mutation: Your spells are a little harder to cast,
                  | but a little more powerful. [potion of mutation]
  4237 | D:5      | Lost mutation: Your spells are a little harder to cast, but
                  | a little more powerful. [potion of mutation]
  4237 | D:5      | Gained mutation: You are frail. (-10% HP) [potion of
                  | mutation]
  4237 | D:5      | Gained mutation: You have supernaturally acute eyesight.
                  | (SInv) [potion of mutation]
  4238 | D:5      | Lost mutation: You have supernaturally acute eyesight.
                  | (SInv) [potion of mutation]
  4238 | D:5      | Lost mutation: You are frail. (-10% HP) [potion of
                  | mutation]
  4238 | D:5      | Gained mutation: You have a beak for a mouth. [potion of
                  | mutation]
  4238 | D:5      | Gained mutation: Your system is resistant to poisons.
                  | (rPois) [potion of mutation]
  4267 | D:5      | Reached skill level 5 in Dodging
  4302 | D:5      | Reached XP level 8. HP: 55/62 MP: 8/8
  4351 | D:5      | Found the +6 shillelagh "Devastator" {shatter}
  4620 | D:6      | Noticed a wraith
  4636 | D:6      | Slain by a wraith

Illustrated notes

Levels and vault maps discovered:
D:1:      dpeg_arrival_concentric_ovals, layout_rooms
D:2:      layout_basic, basic_altar
D:3:      layout_basic, grunt_ministairs_3, uniq_terence
D:4:      layout_basic, grunt_ministairs_8, minmay_surrounded
D:5:      layout_basic, kennysheep_decorative_pillar
D:6:      layout_rooms

Skill      XL: |  1  2  3  4  5  6  7  8 |
---------------+-------------------------+-----
Fighting       | 3 4 5 |  5.0
Polearms       | 6 8 10 | 10.0
Dodging        | 5 8 |  8.0
Maces & Flails | |  0.8
Throwing       | |  2.0

Action                     |  1- 3 |  4- 6 |  7- 9 || total
---------------------------+-------+-------+-------++-------
  Melee: Trident           |   112 |   187 |    95 ||   394
         Peck              |       |       |    11 ||    11
         Shillelagh        |       |       |    19 ||    19
  Throw: Throwing net      |       |     3 |       ||     3
    Use: Scroll            |       |     5 |     7 ||    12
         Potion            |       |       |     5 ||     5
   Stab: Sleeping          |     1 |     1 |     1 ||     3
 Armour: Leather armour    |    30 |    23 |    19 ||    72
  Dodge: Dodged            |   101 |    87 |    63 ||   251
  Block: Buckler           |       |     5 |    26 ||    31

Table legend: (Time is in decaauts)
 A = Elapsed time spent in this place.
 B = Non-inter-level travel time spent in this place.
 C = Inter-level travel time spent in this place.
 D = Time resting spent in this place.
 E = Time spent auto-exploring this place.
 F = Levels seen in this place.
 G = Mean time per level.
                   A        B        C        D        E       F      G
               +--------+--------+--------+--------+--------+-----+--------+
         Total |   4645 |   4426 |    219 |    445 |   3204 |   6 |  774.2 |
       Dungeon |   4645 |   4426 |    219 |    445 |   3204 |   6 |  774.2 |
               +--------+--------+--------+--------+--------+-----+--------+

Top non-repeatable levels by time:
     D:3: 1424 daAuts
     D:4: 1063 daAuts
     D:2: 822 daAuts
     D:5: 695 daAuts
     D:1: 550 daAuts
     D:6: 88 daAuts
